 Dungeon Crawl Stone Soup version 0.23-a0-309-ge7838e6 (webtiles) character file.

5989 galech the Blocker (level 10, -1/76 HPs)
             Began as a Demonspawn Fighter on Oct 10, 2018.
             Was an Elder of Okawaru.
             Slain by a seven-headed hydra (6 damage)
             ... on level 9 of the Dungeon on Oct 11, 2018.
             The game lasted 00:13:30 (9378 turns).

galech the Blocker (Demonspawn Fighter)             Turns: 9378, Time: 00:13:31

Health: -1/76      AC: 16    Str: 16    XL:     10   Next: 55%
Magic:  19/19      EV:  8    Int: 10    God:    Okawaru [****..]
Gold:   478        SH:  3    Dex: 16    Spells: 9/9 levels left

rFire    . . .     SeeInvis +   O - +2 scythe (flame)
rCold    . . .     Gourm    .   (shield currently unavailable)
rNeg     . . .     Faith    .   D - +3 chain mail
rPois    .         Spirit   .   r - +0 helmet
rElec    .         Reflect  +   (no cloak)
rCorr    .         Harm     .   (no gloves)
MR       .....                  (boots unavailable)
Stlth    ..........             k - +3 amulet of reflection
HPRegen  0.22/turn              u - ring of see invisible
MPRegen  0.16/turn              n - ring of magical power

@: no status effects
A: hooves 3, slimy green scales 1, demonic guardian 1, nightstalker 1
a: Heroism, Renounce Religion


You were on level 9 of the Dungeon.
You worshipped Okawaru.
Okawaru was greatly pleased with you.
You were not hungry.

You visited 1 branch of the dungeon, and saw 10 of its levels.
You also visited: Sewer.

You collected 541 gold pieces.
You spent 63 gold pieces at shops.

Inventory:

Hand Weapons
 a - a +0 war axe
 C - the +7 long sword of the Several Gods {freeze, *Noise rElec Str+2 Int+2}
   (You found it on level 4 of the Dungeon)

   It has been specially enchanted to freeze those struck by it, causing extra
   injury to most foes and up to half again as much damage against particularly
   susceptible opponents.
   It can also slow down cold-blooded creatures.
   It affects your strength (+2).
   It affects your intelligence (+2).
   It insulates you from electricity.
   It may make noises in combat.
 G - the +5 mace "Huot" {crush, *Rage rF++ Stlth+}
   (You found it on level 5 of the Dungeon)

   It inflicts extra damage upon your enemies.
   It greatly protects you from fire.
   It may make you go berserk in combat.
   It makes you more stealthy.
 O - a +2 scythe of flaming (weapon)
Armour
 b - a +0 large shield
 r - a +0 helmet (worn)
 D - a +3 chain mail (worn)
 L - a +1 chain mail of fire resistance
Jewellery
 k - a +3 amulet of reflection (around neck)
 l - an uncursed amulet of guardian spirit {unknown}
 n - a ring of magical power (right hand)
 u - a ring of see invisible (left hand)
 w - an uncursed amulet of guardian spirit {unknown}
 M - an uncursed amulet of the gourmand {unknown}
Wands
 A - a wand of enslavement (4)
 K - a wand of acid (9)
Scrolls
 e - 8 scrolls of teleportation
 g - 4 scrolls of amnesia
 i - 2 scrolls of fear
 j - 3 scrolls of magic mapping
 m - 3 scrolls of remove curse
 p - 2 scrolls of fog
 q - 3 scrolls of noise
 t - 2 scrolls of immolation
 y - 2 scrolls of enchant armour
 B - a scroll of blinking {unknown}
 E - 2 scrolls of random uselessness {unknown}
 J - 2 scrolls of identify
Potions
 c - a potion of degeneration {unknown}
 d - 3 potions of might
 h - a potion of agility {unknown}
 o - 2 potions of ambrosia {unknown}
 s - 2 potions of berserk rage {unknown}
 v - 5 potions of flight {unknown}
 x - a potion of heal wounds {unknown}
 z - 3 potions of lignification {unknown}
 F - a potion of mutation {unknown}
 H - a potion of resistance
 N - a potion of curing
Comestibles
 f - 11 rations


   Skills:
 + Level 6.0 Fighting
 + Level 7.7 Long Blades
 + Level 4.2 Axes
 + Level 7.3 Armour
 + Level 2.7 Dodging
 + Level 2.0 Stealth
 + Level 8.0 Shields
 + Level 0.8 Invocations


You had 9 spell levels left.
You didn't know any spells.
Your spell library contained the following spells:

 Spells                   Type           Power        Failure   Level  Hunger
 Confusing Touch          Hex            #.....       99%         1    ##.....
 Confuse                  Hex            #.......     100%        3    ####...
 Gell's Gravitas          Tloc           #.........   100%        3    ####...
 Petrify                  Tmut/Erth      #.......     100%        4    #####..
 Metabolic Englaciation   Hex/Ice        #.........   100%        5    ######.
 Yara's Violent Unravell  Hex/Tmut       #.........   100%        5    ######.


Dungeon Overview and Level Annotations

Branches:
Dungeon (10/15)            Temple (0/1) D:7            Lair (0/6) D:9
    Orc: D:9-12

Altars:
Fedhas
Kikubaaqudgha
Nemelex Xobeh
Okawaru
Sif Muna
Uskayaw
Wu Jian
Xom

Shops:
D:4 [


Innate Abilities, Weirdness & Mutations

You have hooves in place of feet.
You are partially covered in slimy green scales. (AC +2)
A weak demonic guardian rushes to your aid.
You are slightly more attuned to the shadows.


Message History

The seven-headed hydra bites you.
The seven-headed hydra bites you but does no damage. x2
The seven-headed hydra bites you! x2
Your white imp hits the seven-headed hydra.
Your white imp freezes the seven-headed hydra.
The howler monkey hoots and howls with incredible vigour!
Your white imp hits the seven-headed hydra.
Your white imp freezes the seven-headed hydra.
The howler monkey barely misses your white imp.
You hear a loud, deep croak!
You hear a shout! x4
Your white imp barely misses the seven-headed hydra.
The seven-headed hydra bites you but does no damage.
The seven-headed hydra bites you.
* * * LOW HITPOINT WARNING * * *
The seven-headed hydra bites you.
* * * LOW HITPOINT WARNING * * *
The seven-headed hydra bites you!
* * * LOW HITPOINT WARNING * * *
The seven-headed hydra bites you.
You die...

......... .........
........ ........ ##
####...#+###.h.....
#...........#...#.......
............#...#h5.♣P..
............#...PD......
............#...@.......
.... ........P......♣...
.### #..........P.P..P
.# #....♣..♣.P...P.P .#
#.....P..Y...P... .#
#...........>.P.. .#
#............... .#
##............♣P. .#
+.....#P.....P.P..


You could see a seven-headed hydra, an ice beast, 2 howler monkeys and a
friendly white imp.

Vanquished Creatures
  Pikel (D:6)
  An ugly thing (D:9)
  Sigmund (D:4)
  4 yaks
  A wyvern (D:8)
  Grum (D:8)
  Eustachio (D:6)
  Edmund (D:6)
  A water moccasin (D:9)
  2 porcupines (D:9)
  2 sky beasts
  4 orc warriors
  A phantom (D:5)
  2 ice beasts (D:6)
  2 wolves (D:8)
  2 ogres
  3 crocodiles
  A big kobold (Sewer)
  2 bullfrogs
  5 scorpions
  10 killer bees
  3 howler monkeys
  2 crimson imps (D:5)
  A hound (D:7)
  A jelly (D:7)
  An orc priest (D:5)
  A centaur skeleton (D:4)
  2 iguanas
  5 worker ants
  A hound zombie (D:7)
  A gnoll (D:1)
  11 adders
  A river rat (Sewer)
  A shadow imp (D:5)
  2 adder skeletons
  4 worms
  A dart slug (D:1)
  4 leopard geckos
  21 orcs
  6 giant cockroaches
  11 goblins
  3 hobgoblins
  10 jackals
  3 quokkas
  6 bats
  3 frilled lizards (D:2)
  7 kobolds
  6 rats
166 creatures vanquished.

Vanquished Creatures (collateral kills)
  2 rust devils
  A yak (D:9)
  A phantom (D:7)
  2 killer bees (D:7)
  A howler monkey (D:9)
  An orc (D:9)
8 creatures vanquished.

Vanquished Creatures (others)
  A human (D:5)
  A jelly (D:6)
  A fungus (D:9)
  A plant (D:9)
4 creatures vanquished.

Grand Total: 178 creatures vanquished

Notes
Turn   | Place    | Note
-------+----------+-------------------------------------------
     0 | D:1      | galech the Demonspawn Fighter began the quest for the Orb.
     0 | D:1      | Reached XP level 1. HP: 18/18 MP: 1/1
   120 | D:1      | Gained mutation: You are partially covered in slimy green
                  | scales. (AC +2) [demonic ancestry]
   120 | D:1      | Reached XP level 2. HP: 22/24 MP: 2/2
   290 | D:1      | Found a blossoming altar of Fedhas.
   425 | D:1      | Reached XP level 3. HP: 25/29 MP: 3/3
   900 | D:2      | Reached skill level 3 in Shields
   954 | D:2      | HP: 1/29 [worm (5)]
  1297 | D:2      | Reached XP level 4. HP: 18/35 MP: 4/4
  1997 | D:3      | Found a deep blue altar of Sif Muna.
  2002 | D:3      | Found a shimmering altar of Xom.
  2103 | D:3      | Found a glowing drain.
  2112 | Sewer    | Entered a sewer
  2258 | Sewer    | Noticed a big kobold
  2277 | Sewer    | Killed a big kobold
  2277 | Sewer    | Reached skill level 1 in Dodging
  2277 | Sewer    | Gained mutation: You have large cloven feet. [demonic
                  | ancestry]
  2277 | Sewer    | Reached XP level 5. HP: 40/42 MP: 5/5
  2301 | Sewer    | Found a glowing silver altar of Zin.
  2827 | D:4      | Found an ancient bone altar of Kikubaaqudgha.
  2931 | D:4      | Got a bloodstained long sword
  2932 | D:4      | Identified the +7 long sword of the Several Gods {freeze,
                  | *Noise rElec Str+2 Int+2} (You found it on level 4 of the
                  | Dungeon)
  2933 | D:4      | Found Tauva's Armour Boutique.
  2954 | D:4      | Bought a +0 large shield for 63 gold pieces
  3339 | D:4      | Noticed Sigmund
  3347 | D:4      | Killed Sigmund
  3347 | D:4      | Reached XP level 6. HP: 44/48 MP: 6/6
  3512 | D:5      | Entered Level 5 of the Dungeon
  3512 | D:5      | Found an ancient bone altar of Kikubaaqudgha.
  3513 | D:5      | Noticed a human
  3563 | D:5      | Reached skill level 1 in Long Blades
  3583 | D:5      | Gained mutation: You are slightly more attuned to the
                  | shadows. [demonic ancestry]
  3583 | D:5      | Reached XP level 7. HP: 54/54 MP: 7/7
  3691 | D:5      | Found an ornate altar of the Wu Jian Council.
  3817 | D:5      | Reached skill level 4 in Shields
  3854 | D:5      | Found an iron altar of Okawaru.
  3861 | D:5      | Became a worshipper of Warmaster Okawaru
  3863 | D:5      | Got a crude mace
  3864 | D:5      | Identified the +5 mace "Huot" {crush, *Rage rF++ Stlth+}
                  | (You found it on level 5 of the Dungeon)
  3885 | D:5      | Found a sparkling altar of Nemelex Xobeh.
  4164 | D:5      | Killed a human
  4540 | D:6      | Noticed Eustachio
  4548 | D:6      | Killed Eustachio
  4548 | D:6      | Gained mutation: A weak demonic guardian rushes to your
                  | aid. [demonic ancestry]
  4548 | D:6      | Reached XP level 8. HP: 61/61 MP: 8/8
  4718 | D:6      | Reached * piety under Okawaru
  4946 | D:6      | Reached skill level 5 in Shields
  4983 | D:6      | Noticed Pikel
  4997 | D:6      | Killed Pikel
  4997 | D:6      | Reached skill level 5 in Armour
  5116 | D:6      | Noticed Edmund
  5129 | D:6      | Killed Edmund
  5129 | D:6      | Reached skill level 5 in Long Blades
  5326 | D:6      | Gained mutation: You have hoof-like feet. [demonic
                  | ancestry]
  5326 | D:6      | Reached XP level 9. HP: 19/67 MP: 9/9
  5656 | D:6      | Reached skill level 6 in Shields
  5935 | D:7      | Reached ** piety under Okawaru
  6316 | D:7      | Reached skill level 5 in Fighting
  6374 | D:7      | Found a staircase to the Ecumenical Temple.
  7077 | D:7      | Found a hide-covered altar of Uskayaw.
  7168 | D:8      | Noticed Grum
  7188 | D:8      | Killed Grum
  7188 | D:8      | Reached *** piety under Okawaru
  7188 | D:8      | Reached skill level 7 in Shields
  7741 | D:7      | Noticed a rust devil
  7741 | D:7      | Noticed a rust devil
  7762 | D:8      | Reached skill level 1 in Stealth
  7958 | D:8      | Killed a rust devil
  8065 | D:7      | Killed a rust devil
  8065 | D:7      | Gained mutation: You have hooves in place of feet. [demonic
                  | ancestry]
  8065 | D:7      | Reached XP level 10. HP: 38/74 MP: 10/10
  8513 | D:9      | Noticed a red ugly thing
  8522 | D:9      | Killed a red ugly thing
  8609 | D:9      | Reached **** piety under Okawaru
  8614 | D:9      | Noticed a six-headed hydra
  8648 | D:8      | Upgraded the game from 0.23-a0-307-gc3b755d to
                  | 0.23-a0-309-ge7838e6
  9051 | D:9      | Reached skill level 8 in Shields
  9057 | D:10     | Entered Level 10 of the Dungeon
  9366 | D:9      | Found a staircase to the Lair.
  9378 | D:9      | Slain by a seven-headed hydra

Vault maps used:
D:1:      sevenhm_arrival_forest_fort_small_6, amethyst_killhole,
          dk_noncrumbling_4
D:2:      first_ration
D:3:      lemuel_crystal_altar, cheibrodos_sewer_entry_drain, xom_teletrap_fun
D:4:      corexii_shack_village, lemuel_round_altar, serial_shops,
          nicolae_shop_crystal, kennysheep_diamond, uniq_sigmund
D:5:      kennysheep_spiral_hall, old_standard_altar, okawaru_ov_weapons_minmay,
          nemelex_xobeh_ov_fountains_minmay, minmay_misc_feat_roman,
          tgw_kikubaaqudgha
D:6:      uniq_pikel, uniq_edmund, uniq_eustachio
D:7:      cheibrodos_iron_armory, lemuel_coloured_pillars_altar,
          minmay_temple_entry_mist
D:8:      uniq_grum
D:9:      minmay_lair_entry_grove, david_orc_5
Sewer:    sewer_kobolds

Skill      XL: |  1  2  3  4  5  6  7  8  9 10 |
---------------+-------------------------------+-----
Armour         | 3 4 5 6 7 |  7.3
Axes           | 2 3 4 |  4.2
Shields        | 3 4 5 7 8 |  8.0
Dodging        | 1 2 |  2.7
Fighting       | 4 5 6 |  6.0
Long Blades    | 1 3 5 6 7 |  7.7
Stealth        | 2 |  2.0
Invocations    | |  0.8

Action                   |  1- 3 |  4- 6 |  7- 9 | 10-12 || total
-------------------------+-------+-------+-------+-------++-------
Melee: War axe           |   145 |    79 |       |       ||   224
       Long sword        |       |    24 |   274 |    94 ||   392
       Kick              |       |     9 |    82 |    38 ||   129
       Scythe            |       |       |       |     1 ||     1
Invok: Heroism           |       |       |     4 |       ||     4
  Use: Scroll            |       |     6 |     5 |       ||    11
       Potion            |       |       |     3 |       ||     3
 Stab: Distracted        |       |       |     3 |     1 ||     4
  Eat: Chunk             |     1 |     8 |    12 |     3 ||    24
       Ration            |       |       |     1 |       ||     1
Armor: Scale mail        |    81 |    55 |    44 |       ||   180
       Plate armour      |       |       |    69 |       ||    69
       Chain mail        |       |       |    13 |    54 ||    67
Dodge: Dodged            |    50 |    32 |    50 |    15 ||   147
Block: Shield            |    73 |    42 |       |       ||   115
       Large shield      |       |    20 |   323 |    82 ||   425
       Reflection        |       |       |     1 |       ||     1
       Other             |       |       |       |     1 ||     1
       Rpst.: Long sword |       |       |    15 |     2 ||    17

Table legend:
 A = Non-vault XP
 B = Vault XP
 C = Vault XP percentage of total XP
 D = Non-vault monster count
 E = Vault monster count
 F = Vault count percentage of total count
                 A         B        C        D         E       F
            +---------+---------+-------+---------+---------+-------
      Total |    3589 |    4967 |  58.1 |     119 |      55 |  31.6
            +---------+---------+-------+---------+---------+-------
        D:1 |      42 |       0 |   0.0 |      16 |       0 |   0.0
        D:2 |      76 |       0 |   0.0 |      17 |       0 |   0.0
        D:3 |      24 |      10 |  29.4 |       6 |       2 |  25.0
        D:4 |      54 |     280 |  83.8 |       4 |      10 |  71.4
        D:5 |     467 |     224 |  32.4 |      19 |       3 |  13.6
        D:6 |     787 |     963 |  55.0 |      17 |       3 |  15.0
        D:7 |     782 |     514 |  39.7 |      24 |       2 |   7.7
        D:8 |     494 |    1592 |  76.3 |      10 |      10 |  50.0
        D:9 |     863 |    1258 |  59.3 |       6 |      15 |  71.4
      Sewer |       0 |     126 | 100.0 |       0 |      10 | 100.0
            +---------+---------+-------+---------+---------+-------
